 Dungeon Crawl Stone Soup version 0.30-a0-141-g30f27751c5 (webtiles) character file.

Game seed: 7372344608144322210

4 qw the Shield-Bearer (level 1, -1/14 HPs)
             Began as a Gargoyle Fighter on Sept 25, 2022.
             Slain by a kobold
             ... wielding a +3 short sword of speed
              (2 damage)
             ... on level 1 of the Dungeon.
             The game lasted 00:00:05 (159 turns).

qw the Shield-Bearer (Gargoyle Fighter)              Turns: 159, Time: 00:00:06

Health: -1/14      AC:  9    Str: 19    XL:     1   Next: 70%
Magic:  1/1        EV:  9    Int:  8    God:
Gold:   0          SH:  4    Dex:  9    Spells: 0/0 levels left

rFire   . . .      SeeInvis .    a - +0 war axe
rCold   . . .      Faith    .    c - +0 buckler
rNeg    + . .      Spirit   .    b - +0 scale mail
rPois   inf        Reflect  .    (no helmet)
rElec   +          Harm     .    (no cloak)
rCorr   .          Rampage  .    (no gloves)
Will    .....                    (no boots)
Stlth   ..........               (no amulet)
HPRegen 0.04/turn                (no ring)
MPRegen 0.07/turn                (no ring)

@: no status effects
A: sickness immunity, AC +2, negative energy resistance 1, electricity
resistance, torment resistance 1, petrification resistance
a: no special abilities


You were on level 1 of the Dungeon.
You visited 1 branch of the dungeon, and saw 1 of its levels.


Innate Abilities, Weirdness & Mutations

You are immune to sickness and miasma.
Your stone body is resilient. (AC +2)
You are immune to poison.
You resist negative energy. (rN+)
You are resistant to electric shocks. (rElec)
You are resistant to unholy torment.
You are immune to petrification.


   Skills:
 - Level 3.2 Fighting
 + Level 2.2 Axes
 - Level 3.2 Armour
 - Level 3.2 Shields


You couldn't memorise any spells.
You didn't know any spells.
Your spell library was empty.

Inventory:

Hand Weapons
 a - a +0 war axe (weapon)
Armour
 b - a +0 scale mail (worn)
 c - a +0 buckler (worn)
Scrolls
 e - a scroll of vulnerability {unknown}
 f - a scroll of enchant weapon {unknown}
 g - a scroll of poison {unknown}
Potions
 d - a potion of might

Dungeon Overview and Level Annotations

Branches:
Dungeon (1/15)

Altars:

Shops:
D:1 ![


Message History

The endoplasm quivers.
Enter note: You slash the endoplasm!
You kill the endoplasm!
A dart slug comes into view.
Found a scroll labelled RODGHY VENUATY.
Enter note:
Enter note: The dart slug launches a dart at you.
The slug dart hits you.
A kobold comes into view.
It is wielding a +3 short sword of speed.
The kobold shouts!
A rat comes into view.
The kobold moves out of view.
The dart slug launches a dart at you. You block the slug dart.
A rat comes into view.
A jackal comes into view.
The jackal barks!
You hit the dart slug.
The dart slug is severely wounded.
The dart slug bites you.
You completely miss the dart slug.
The dart slug is heavily wounded.
The dart slug bites you but does no damage.
A rat comes into view.
You hit the dart slug.
The dart slug is severely wounded.
The dart slug bites you but does no damage.
You hit the dart slug.
The dart slug is almost dead.
You miss the kobold. The kobold hits you but does no damage.
The kobold hits you with a +3 short sword of speed.
The dart slug launches a dart at you. The slug dart hits you.
You hit the dart slug.
You kill the dart slug!
You hit the kobold.
The kobold hits you with a +3 short sword of speed.
You die...

## #.. .. #. ## ## #r#
... .#######...
..####..# ...........
rr....#
###........#####%K.#
##....####......@#
....### ?.....#.#
8....## ......#.#
......## ........#
.......#.......#.##
.<8..8.........#..#####
.......#...... #......#
......####}.}#
#.####..... 8....##
#.\. #..#######..


You could see a kobold and 3 rats.

Vanquished Creatures
  A dart slug (D:1)
  A bat (D:1)
  An endoplasm (D:1)
  A hobgoblin (D:1)
  A ball python (D:1)
5 creatures vanquished.

Notes
Turn   | Place    | Note
-------+----------+-------------------------------------------
     0 | D:1      | qw the Gargoyle Fighter began the quest for the Orb.
     0 | D:1      | Reached XP level 1. HP: 14/14 MP: 1/1
     0 | D:1      | 0 ||| qw: Version: 0.2-a-10-g399e6c4
     0 | D:1      | 0 ||| qw: Game counter: 368
     0 | D:1      | 0 ||| qw: Always use a shield: true
     0 | D:1      | 0 ||| qw: God list: Okawaru
     0 | D:1      | 0 ||| qw: Allow faded altars: false
     0 | D:1      | 0 ||| qw: Do Orc after D:15 true
     0 | D:1      | 0 ||| qw: Do second Lair branch before Depths: true
     0 | D:1      | 0 ||| qw: Lair rune preference: random
     0 | D:1      | 0 ||| qw: Plans: Normal, Zot:1-4, God:TSO, Crypt, Tomb,
                  | Pan, Slime:5, Hells, Abyss, Orb
     0 | D:1      | 0 ||| PLANNING D:1-11
    18 | D:1      | Found Byuptoi's Distillery.
    40 | D:1      | 40 ||| SHOPLISTING potion of attraction (42 gold, have 0).
    40 | D:1      | 40 ||| SHOPLISTING potion of might (56 gold, have 0).
    40 | D:1      | 40 ||| SHOPLISTING potion of resistance (140 gold, have 0).
    69 | D:1      | Found Teosoc's General Store.
   152 | D:1      | Found Qaaterur's Antique Armour Shop.
   158 | D:1      | HP: 1/14 [dart slug/slug dart (4)]
   159 | D:1      | Slain by a kobold

Levels and vault maps discovered:
D:1:      grunt_arrival_lava_bath, layout_rooms, serial_shops, shop_fountains,
          nicolae_shop_crystal, shop_scrolls,
          nicolae_shop_temple_entry_statues_fountains, nicolae_shop_stone,
          minmay_close_crescents

Skill      XL: |  1 |
---------------+----+-----
Axes           | 2 |  2.2
Fighting       | |  3.2
Armour         | |  3.2
Shields        | |  3.2

Action                   || total
-------------------------++-------
Melee: War axe           ||    16
Armor: Scale mail        ||     8
Dodge: Dodged            ||     6
Block: Buckler           ||     4

Table legend:
 A = Non-vault XP
 B = Vault XP
 C = Vault XP percentage of total XP
 D = Non-vault monster count
 E = Vault monster count
 F = Vault count percentage of total count
                 A         B        C        D         E       F
            +---------+---------+-------+---------+---------+-------
      Total |      11 |       0 |   0.0 |       5 |       0 |   0.0
            +---------+---------+-------+---------+---------+-------
        D:1 |      11 |       0 |   0.0 |       5 |       0 |   0.0
            +---------+---------+-------+---------+---------+-------
